 Dungeon Crawl Stone Soup version 0.27.1-3-gb3d3a73c9e (webtiles) character file.

Game seed: 1385734374192286261

22 styxcanada the Sneak (level 2, -1/14 HPs)
             Began as a Spriggan Brigand on Oct 21, 2021.
             Slain by a kobold (5 damage)
             ... on level 1 of the Dungeon.
             The game lasted 00:01:58 (735 turns).

styxcanada the Sneak (Spriggan Brigand)              Turns: 735, Time: 00:01:58

Health: -1/14      AC:  3    Str:  7    XL:     2   Next: 68%
Magic:  3/3        EV: 16    Int: 12    God:
Gold:   22         SH:  0    Dex: 16    Spells: 1/1 levels left

rFire    . . .     SeeInvis +   a - +2 dagger
rCold    . . .     Faith    .   (shield restricted)
rNeg     . . .     Spirit   .   b - +0 robe
rPois    .         Reflect  .   (helmet restricted)
rElec    .         Harm     .   c - +0 cloak
rCorr    .         Rampage  .   (gloves unavailable)
Will     .....                  (boots unavailable)
Stlth    ++++......             (no amulet)
HPRegen  0.04/turn              (no ring)
MPRegen  0.08/turn              (no ring)

@: very quick
A: very small, no large weapons, unfitting armour, see invisible, speed 3
a: no special abilities


You were on level 1 of the Dungeon.
You visited 1 branch of the dungeon, and saw 1 of its levels.

You collected 22 gold pieces.

Inventory:

Hand Weapons
 a - a +2 dagger (weapon)
Missiles
 d - 9 poisoned darts (quivered)
 e - 2 curare-tipped darts
 f - 9 stones
Armour
 b - a +0 robe (worn)
 c - a +0 cloak (worn)
Scrolls
 g - 2 scrolls of identify {unknown}
 i - a scroll of silence {unknown}
Potions
 h - a potion of invisibility {unknown}


   Skills:
 * Level 1.6 Fighting
 + Level 2.4 Short Blades
 + Level 2.0 Throwing
 * Level 1.6 Dodging
 * Level 6.8 Stealth


You had one spell level left.
You didn't know any spells.
Your spell library was empty.

Dungeon Overview and Level Annotations

Branches:
Dungeon (1/15)

Altars:


Innate Abilities, Weirdness & Mutations

You are very small and have problems with some larger weapons.
You are too small for most types of armour.
You have supernaturally acute eyesight. (SInv)
You cover ground extremely quickly. (Speed+++)


Message History

You closely miss the kobold.
A ball python comes into view.
You closely miss the kobold.
The kobold throws a stone.
The stone closely misses you.
The ball python hisses angrily.
The kobold closely misses you.
You closely miss the kobold. The kobold barely misses you.
The kobold hits you with a +0 short sword. x2
The kobold closely misses you.
The kobold throws a stone.
The stone misses you.
Throw: 13 darts (poison)
Press: ? - help, Q - select action, (/) - cycle Shift-Dir - straight line, f - kobold
Aim: a kobold, wielding a +0 short sword (53% to hit)
You throw a poisoned dart. The poisoned dart hits the kobold.
The kobold is poisoned.
You kill the kobold!
Throw: 12 darts (poison)
Press: ? - help, Q - select action, (/) - cycle Shift-Dir - straight line, f - ball python
Aim: a ball python (57% to hit)
You throw a poisoned dart.
The poisoned dart closely misses the ball python.
Throw: 11 darts (poison)
Press: ? - help, Q - select action, (/) - cycle Shift-Dir - straight line, f/p - ball python
Aim: a ball python (57% to hit)
You throw a poisoned dart. The poisoned dart hits the ball python.
The ball python is poisoned.
Throw: 10 darts (poison)
Press: ? - help, Q - select action, (/) - cycle Shift-Dir - straight line, f/p - ball python
Aim: a ball python (poisoned, 57% to hit)
You throw a poisoned dart. The poisoned dart hits the ball python.
The ball python looks even sicker.
You closely miss the ball python.
The ball python is heavily wounded.
You kill the ball python!
You closely miss the kobold. You hit the kobold but do no damage.
The kobold hits you with a +0 club.
* * * LOW HITPOINT WARNING * * *
You barely miss the kobold.
The kobold hits you with a +0 short sword.
You die...

#.####### #.....# #
.......# #.....# #
.######......# #.....# #
.............# ###.....###
# .............#
#.........# #
...###..)....# #.#######.#
# .. #..(....# #)# #.# # .
#...(..(####)##### #.# #
#.#.#.).(.K@†....# #.# #
#.#.#......K).##.###.####
#
..#.#.........##.##.....#
#
####.#.........##.##†....#
# #.#.........##.##.....#
# #.######.......##.....#
# #.# #.########.....# #
#.# #.# #####.....#### #.#
#.# #...#......#..


You could see 2 kobolds.

Vanquished Creatures
  2 endoplasms (D:1)
  A giant cockroach (D:1)
  A hobgoblin (D:1)
  3 quokkas (D:1)
  2 ball pythons (D:1)
  2 bats (D:1)
  2 frilled lizards (D:1)
  2 goblins (D:1)
  5 kobolds (D:1)
  A rat (D:1)
21 creatures vanquished.

Notes
Turn   | Place    | Note
-------+----------+-------------------------------------------
     0 | D:1      | styxcanada the Spriggan Brigand began the quest for the
                  | Orb.
     0 | D:1      | Reached XP level 1. HP: 10/10 MP: 2/2
    19 | D:1      | Reached skill level 6 in Stealth
   176 | D:1      | Reached XP level 2. HP: 6/14 MP: 3/3
   735 | D:1      | Slain by a kobold

Illustrated notes

Levels and vault maps discovered:
D:1:      elethiomel_arrival_shortcut, layout_basic, minmay_misc_feat_cross

Skill      XL: |  1 |
---------------+----+-----
Stealth        | 6 |  6.8
Fighting       | |  1.6
Short Blades   | |  2.4
Throwing       | |  2.0
Dodging        | |  1.6

Action                   || total
-------------------------++-------
Melee: Dagger            ||    54
Throw: Dart              ||     4
 Stab: Sleeping          ||     7
Armor: Robe              ||     4
Dodge: Dodged            ||    29
